Map: Data-C

Players

Kocmoc - Winner!

  • Race: Protoss Protoss
  • League: Silver
  • Spawn Location: 3:00

Курныков

  • Race: Zerg Zerg
  • League: Silver
  • Spawn Location: 9:00

VOD

Have the link to the VOD?

Description

zerg tries hard but taps out

Time

  • Played on: Sept. 4, 2022, 2:43 p.m.
  • Length: 10:44
Show
View Real Time Build Order
Export as new Build Order

Kocmoc Protoss - Winner!

Build Orders: Blink Stalkers 

Get SALT Encoding   

  12  0:00  Probe  
  13  0:19  Pylon  
  13  0:22  Probe  
  14  0:34  Probe  
  15  0:42  Gateway  
  15  0:45  Assimilator  
  15  0:46  Probe  
  16  0:58  Probe  
  16  1:01  Assimilator  
  17  1:07  Pylon  
  17  1:10  Probe  
  18  1:22  Probe  
  19  1:32  Cybernetics Core  
  19  1:34  Probe  
  19  1:39  Gateway  
  20  1:46  Probe  
  21  1:49  Zealot (Chrono Boost)  
  23  1:59  Probe  
  24  2:09  Warp Gate  
  24  2:13  Stalker (Chrono Boost)  
  26  2:22  Twilight Council  
  26  2:43  Nexus  
  26  2:50  Pylon  
  26  2:56  Shield Battery  
  26  3:02  Blink  
  26  3:12  Stalker  
  28  3:18  Stalker  
  30  3:37  Robotics Facility  
  30  3:54  Probe  
  31  3:56  Probe  
  31  3:59  Zealot  
  31  4:01  Zealot  
  36  4:06  Probe  
  36  4:08  Probe  
  38  4:18  Probe  
  38  4:20  Probe  
  40  4:27  Robotics Bay, Observer  
  40  4:30  Probe  
  42  4:32  Probe  
  42  4:34  Stalker  
  42  4:37  Stalker  
  47  4:42  Assimilator  
  47  4:43  Probe  
  47  4:44  Probe  
  49  4:49  Observer  
  49  4:52  Pylon  
  50  4:55  Probe  
  51  5:03  Charge  
  51  5:09  Stalker  
  51  5:12  Zealot  
  47  5:32  Pylon  
  43  5:39  Zealot  
  27  6:08  Stalker  
  27  6:09  Stalker  
  29  6:20  Immortal (Chrono Boost)  
  26  6:35  Stalker x2  
  24  6:46  Probe  
  18  7:00  Probe (Chrono Boost)  
  20  7:03  Probe (Chrono Boost)  
  20  7:10  Probe (Chrono Boost)  
  20  7:13  Probe (Chrono Boost)  
  20  7:14  Pylon  
  20  7:15  Probe (Chrono Boost)  
  23  7:23  Probe  
  23  7:27  Probe  
  25  7:35  Probe  
  26  7:39  Probe  
  27  7:46  Zealot  
  27  7:47  Probe  
  30  7:59  Probe  
  30  8:01  Zealot  
  33  8:11  Probe x2  
  35  8:23  Probe x2  
  33  8:35  Probe  
  33  8:36  Stalker  
  34  8:57  Probe x2 (Chrono Boost)  
  36  9:07  Probe (Chrono Boost)  
  36  9:08  Probe (Chrono Boost)  
  38  9:12  Probe x2 (Chrono Boost)  
  38  9:16  Zealot  
  42  9:17  Zealot  
  42  9:21  Disruptor  
  42  9:23  Probe x2  
  49  9:35  Probe x2  
  49  9:38  Zealot  
  53  9:46  Stalker  
  53  9:47  Probe x2  
  57  9:59  Shield Battery  
  57  10:11  Stalker x2  
  57  10:13  Probe  
  62  10:16  Assimilator  
  62  10:23  Pylon  
Show
View Real Time Build Order
Export as new Build Order

Курныков Zerg 

Build Orders: Pool First 

Get SALT Encoding   

  12  0:01  Drone  
  13  0:08  Drone  
  14  0:35  Overlord  
  14  0:53  Drone  
  14  0:54  Drone x2  
  17  1:02  Extractor  
  16  1:11  Drone  
  17  1:15  Extractor  
  17  1:16  Drone  
  17  1:22  Spawning Pool  
  16  1:27  Drone  
  17  1:39  Drone  
  18  1:50  Drone  
  19  2:12  Queen, Roach Warren  
  19  2:13  Overlord  
  20  2:19  Zergling x2  
  21  2:23  Zergling x2  
  22  2:30  Overlord  
  22  2:53  Roach x2  
  26  3:04  Roach  
  28  3:16  Drone  
  28  3:19  Hatchery  
  28  3:23  Roach x3  
  34  3:28  Roach  
  36  3:37  Queen  
  38  3:41  Overlord  
  38  3:59  Overlord  
  38  4:00  Roach x2  
  42  4:03  Roach  
  42  4:04  Roach  
  46  4:20  Roach  
  46  4:23  Roach  
  50  4:30  Roach x2  
  54  4:35  Roach  
  56  4:42  Zergling x4  
  56  4:44  Drone  
  59  4:52  Overlord  
  59  5:02  Zergling x2  
  58  5:20  Zergling x2  
  58  5:21  Roach x2, Zergling x4  
  55  5:32  Roach, Zergling x2  
  52  5:48  Roach x2, Zergling x4  
  55  5:53  Zergling x2  
  53  6:03  Zergling x2  
  53  6:16  Roach x2, Zergling x2  
  55  6:21  Zergling x2  
  55  6:28  Zergling x2  
  52  6:34  Roach  
  52  6:45  Roach x2, Zergling x6  
  51  6:48  Zergling x2  
  51  6:51  Drone  
  47  7:07  Zergling x2  
  47  7:08  Roach, Zergling x4  
  52  7:15  Metabolic Boost  
  52  7:21  Zergling x4  
  51  7:32  Roach, Zergling x2  
  42  7:55  Hatchery  
  40  8:08  Roach, Zergling x4  
  44  8:23  Roach, Zergling x4  
  48  8:33  Roach, Zergling x2  
  45  8:41  Zergling x4  
  40  8:50  Roach  
  40  9:07  Zergling x2  
  40  9:08  Roach, Zergling x2  
  46  9:17  Roach  
  45  9:28  Roach, Zergling x2  
  48  9:33  Drone  
  48  9:36  Drone  
  49  9:46  Roach, Zergling x4  
  52  9:57  Roach, Zergling x4  
  56  10:05  Drone x2  
  58  10:18  Roach x2, Zergling x2  
Tags
 
Composition
Blink Stalkers
Matchup
PvZ
Opening
Pool First
Spawn Locations
Cross Positions
Add a new tag
Caveats
  • Supply blocks, unpowered buildings, or Contaminate may cause inaccurate times.
  • Supply counts are checked every 10 seconds.